 Dungeon Crawl Stone Soup version 0.30-a0-313-gae38170b09 (webtiles) character file.

Game seed: 10801474631915984611

11 retardedninja the Trooper (level 2, -3/27 HPs)
             Began as a Hill Orc Fighter on Oct 26, 2022.
             Succumbed to a kobold's poison
             ... on level 1 of the Dungeon.
             The game lasted 00:01:43 (181 turns).

retardedninja the Trooper (Hill Orc Fighter)         Turns: 181, Time: 00:01:44

Health: -3/27      AC:  6    Str: 18    XL:     2   Next: 25%
Magic:  2/2        EV:  9    Int:  8    God:
Gold:   16         SH:  4    Dex: 10    Spells: 1/1 levels left

rFire   . . .      SeeInvis .    a - +0 war axe
rCold   . . .      Faith    .    c - +0 buckler
rNeg    . . .      Spirit   .    b - +0 scale mail
rPois   .          Reflect  .    (no helmet)
rElec   .          Harm     .    (no cloak)
rCorr   .          Rampage  .    (no gloves)
Will    .....                    (no boots)
Stlth   ..........               (no amulet)
HPRegen 0.24/turn                (no ring)
MPRegen 0.08/turn                (no ring)

@: mighty, lethally poisoned (-3 -> -31), attractive
A: no striking features
a: no special abilities


You were on level 1 of the Dungeon.
You visited 1 branch of the dungeon, and saw 1 of its levels.

You collected 16 gold pieces.

Inventory:

Hand Weapons
 a - a +0 war axe (weapon)
Armour
 b - a +0 scale mail (worn)
 c - a +0 buckler (worn)
Jewellery
 f - a ring of ice
Scrolls
 g - a scroll of enchant weapon {unknown}
Potions
 d - a potion of might
 h - a potion of degeneration {unknown}
 i - a potion of curing {unknown}
 j - a potion of flight {unknown}


   Skills:
 + Level 3.7 Fighting
 + Level 3.0 Axes
 + Level 3.5 Armour
 + Level 3.5 Shields


You had one spell level left.
You didn't know any spells.
Your spell library was empty.

Dungeon Overview and Level Annotations

Branches:
Dungeon (1/15)

Altars:

Annotations:
D:1 2 transporters


Message History

You are poisoned.
A giant cockroach comes into view.
Unknown command.
You closely miss the bat. You closely miss the kobold.
You feel sick. The bat hits you but does no damage. x3
A goblin comes into view. It is wielding a +0 dagger.
The kobold hits you but does no damage.
You are more poisoned.
The bat hits you but does no damage.
The kobold hits you with a +1 short sword of venom.
You are more poisoned.
A ball python comes into view.
You closely miss the bat. You closely miss the kobold.
You feel very sick.
The goblin shouts!
The bat hits you but does no damage. The kobold hits you but does no damage.
You are lethally poisoned!
The bat hits you.
Unknown command.
You slash the bat!
You kill the bat!
You closely miss the kobold.
You feel extremely sick. The kobold hits you but does no damage.
You are more poisoned.
The kobold hits you but does no damage.
You are more poisoned.
Your Axes skill increases to level 3!
You are too injured to fight recklessly!
Unknown command.
You are too injured to fight recklessly!
Unknown command.
You are too injured to fight recklessly!
You feel very mighty all of a sudden.
* * * LOW HITPOINT WARNING * * *
You feel extremely sick. You block the kobold's attack.
It was a potion of attraction.
You feel attractive to monsters.
You die...

#..........)....##
?#.#.#.#.#.#.#.#$#
..................##
#.#.#.#.#.#.#.#.#.#
..............$.#
.#.#.#.#.#.#.#.#.
.................
#.#.#.#.#.#.#.#.#
.........@.......
.#.#.#S#K#.#.#.#.
......Br !.....#
#.#.#.# #.#.#.#
...... .. .## .# #.#
#.# # .. .. #.# #.#


You could see a giant cockroach, a ball python, a kobold and a rat.

Vanquished Creatures
  2 bats (D:1)
  An endoplasm (D:1)
  A giant cockroach (D:1)
  3 hobgoblins (D:1)
  A ball python (D:1)
  A kobold (D:1)
9 creatures vanquished.

Notes
Turn   | Place    | Note
-------+----------+-------------------------------------------
     0 | D:1      | retardedninja the Hill Orc Fighter began the quest for the
                  | Orb.
     0 | D:1      | Reached XP level 1. HP: 19/19 MP: 1/1
    88 | D:1      | Reached XP level 2. HP: 17/27 MP: 2/2
   181 | D:1      | Succumbed to a kobold's poison

Illustrated notes

Levels and vault maps discovered:
D:1:      spicycebolla_arrival_transporter_tutorial, layout_rooms, hex_large

Skill      XL: |  1  2 |
---------------+-------+-----
Axes           | 3 |  3.0
Fighting       | |  3.7
Armour         | |  3.5
Shields        | |  3.5

Action                   || total
-------------------------++-------
Melee: War axe           ||    24
  Use: Potion            ||     2
Armor: Scale mail        ||    18
Dodge: Dodged            ||     8
Block: Buckler           ||    10

Table legend: (Time is in decaauts)
 A = Elapsed time spent in this place.
 B = Non-inter-level travel time spent in this place.
 C = Inter-level travel time spent in this place.
 D = Time resting spent in this place.
 E = Time spent auto-exploring this place.
 F = Levels seen in this place.
 G = Mean time per level.
                   A        B        C        D        E       F      G
               +--------+--------+--------+--------+--------+-----+--------+
         Total |    190 |    190 |      0 |      0 |    117 |   1 |  190.0 |
       Dungeon |    190 |    190 |      0 |      0 |    117 |   1 |  190.0 |
               +--------+--------+--------+--------+--------+-----+--------+

Top non-repeatable levels by time:
     D:1: 190 daAuts
